 Dungeon Crawl Stone Soup version 0.32-a0-909-gc671339a80 (webtiles) character file.

Game seed: 15103363331306676375

170 Griffin23 the Covered (level 5, -1/47 HPs)
             Began as a Minotaur Fighter on Apr 6, 2024.
             Slain by a gnoll
             ... wielding a +0 flail
              (3 damage)
             ... on level 3 of the Dungeon.
             The game lasted 00:01:03 (1547 turns).

Griffin23 the Covered (Minotaur Fighter)            Turns: 1547, Time: 00:01:04

Health: -1/47      AC:  7    Str: 23    XL:     5   Next: 26%
Magic:  4/4        EV:  8    Int:  5    God:
Gold:   158        SH:  4    Dex:  9    Spells: 4/4 levels left

rFire   . . .        a - +0 long sword
rCold   . . .        c - +0 buckler
rNeg    . . .        b - +0 scale mail
rPois   .            (helmet restricted)
rElec   .            (no cloak)
rCorr   .            (no gloves)
SInv    .            (no boots)
Will    .....        (no amulet) Stlth
                     (no ring)
HPRegen 0.27/turn    (no ring)
MPRegen 0.09/turn

%: no passive effects
@: mighty
A: horns 2, retaliatory headbutt
a: no special abilities


You were on level 3 of the Dungeon.
You visited 1 branch of the dungeon, and saw 3 of its levels.

You collected 158 gold pieces.

Inventory:

Hand Weapons
 a - a +0 long sword (weapon)
Armour
 b - a +0 scale mail (worn)
 c - a +0 buckler (worn)
Scrolls
 e - a scroll of torment {unknown}
 f - 3 scrolls of teleportation {unknown}
 g - a scroll of blinking {unknown}
 i - 3 scrolls of identify {unknown}
 j - 3 scrolls of poison {unknown}
 l - a scroll of enchant weapon {unknown}
 m - a scroll of brand weapon {unknown}
Potions
 h - a potion of curing {unknown}
 k - a potion of degeneration {unknown}


   Skills:
 + Level 4.5 Fighting
 * Level 4.5 Long Blades
 + Level 4.5 Armour
 + Level 4.5 Shields


You had 4 spell levels left.
You didn't know any spells.
Your spell library contained the following spells:

 Spells                   Type           Power      Damage    Failure   Level
 Kiss of Death            Conj/Necr      0%         2d5       83%         1
 Call Imp                 Summ           0%         N/A       93%         2
 Sublimation of Blood     Necr           0%         N/A       93%         2
 Confusing Touch          Hex            0%         N/A       99%         3
 Dispel Undead            Necr           0%         3d6       100%        4
 Summon Hydra             Summ           0%         N/A       100%        7


Dungeon Overview and Level Annotations

Branches:
Dungeon (3/15)

Altars:
Fedhas


Innate Abilities, Weirdness & Mutations

You have a pair of horns on your head.
You reflexively headbutt those who attack you in melee.


Message History

You hit the gnoll but do no damage. Your headbutt misses the gnoll.
The gnoll is severely wounded.
The gnoll hits you with a +0 halberd. The gnoll barely misses you.
There are monsters nearby!
You slash the gnoll!
You kill the gnoll!
The gnoll throws a poisoned dart.
The poisoned dart hits you!
You are poisoned.
There are monsters nearby!
You feel very sick.
The gnoll throws a poisoned dart.
The poisoned dart barely misses you.
There are monsters nearby!
You feel sick. The gnoll hits you with a +0 club! You block the gnoll's attack.
You closely miss the gnoll.
You feel sick. You block the gnoll's attack. The gnoll barely misses you.
You barely miss the gnoll.
You headbutt the gnoll, but do no damage.
You feel sick. The gnoll barely misses you. The gnoll hits you with a +0 flail!
You are too injured to fight recklessly!
You are too injured to fight recklessly!
You are too injured to fight recklessly!
You hit the gnoll. Your headbutt misses the gnoll.
The gnoll is moderately wounded.
You feel sick. You block the gnoll's attack.
The gnoll hits you with a +0 flail.
* * * LOW HITPOINT WARNING * * *
You hit the gnoll. You headbutt the gnoll!
The gnoll is almost dead.
You feel sick. The gnoll closely misses you.
The gnoll hits you but does no damage. The gnoll hits you with a +0 club.
* * * LOW HITPOINT WARNING * * *
The gnoll hits you with a +0 flail.
* * * LOW HITPOINT WARNING * * *
You feel very mighty all of a sudden.
You feel sick.
You are no longer poisoned.
The gnoll hits you with a +0 club.
* * * LOW HITPOINT WARNING * * *
The gnoll hits you with a +0 flail.
You die...

#..... ######....
.....+....
......... #
#.#######.. .#
#.#.....#.####.#
...
##.#$..$.#gg....#
...
?..+.._$.#@.....#
..#
#..#$....#......#
#.#
#..#.$.$.#.)....#
#.#
#..#######.####.#
#.# #..........#
# #.#
#...###.#### #.#
# #.#######.##
..### #..........
....#
#.######..#+##


You could see 2 gnolls.

Vanquished Creatures
  A scorpion (D:3)
  Terence (D:2)
  Natasha (twice) (D:2)
  A gnoll (D:3)
  A ribbon worm (D:3)
  2 ball pythons
  7 endoplasms
  A giant cockroach (D:2)
  A hobgoblin (D:3)
  2 quokkas (D:2)
  A bat (D:2)
  A frilled lizard (D:2)
  4 goblins
  3 kobolds (D:2)
  3 rats
31 creatures vanquished.

Notes
Turn   | Place    | Note
-------+----------+-------------------------------------------
     0 | D:1      | Griffin23 the Minotaur Fighter began the quest for the Orb.
     0 | D:1      | Reached XP level 1. HP: 19/19 MP: 0/0
   134 | D:1      | Found a faded altar of an unknown god.
   913 | D:2      | Identified the +0 robe of the Eternal Void {rN+ rCorr}
   920 | D:2      | Reached XP level 2. HP: 27/27 MP: 1/1
   970 | D:2      | Noticed Natasha
   978 | D:2      | Killed Natasha
   979 | D:2      | Reached XP level 3. HP: 33/33 MP: 2/2
  1001 | D:2      | Noticed Terence
  1011 | D:2      | Killed Terence
  1155 | D:2      | Noticed Natasha
  1160 | D:2      | Killed Natasha
  1161 | D:2      | Reached XP level 4. HP: 35/40 MP: 3/3
  1488 | D:3      | Noticed a scorpion
  1494 | D:3      | Killed a scorpion
  1495 | D:3      | Reached XP level 5. HP: 45/47 MP: 4/4
  1528 | D:3      | Found a blossoming altar of Fedhas.
  1547 | D:3      | HP: 2/47 [gnoll/+0 club (3)]
  1547 | D:3      | Slain by a gnoll

Illustrated notes

Levels and vault maps discovered:
D:1:      dpeg_arrival_orchard, layout_basic, basic_ecumenical_altar
D:2:      layout_rooms, uniq_natasha, uniq_terence
D:3:      layout_basic, chequers_temple_overflow_minitemple,
          amcnicky_altar_gilded

Skill      XL: |  1  2  3 |
---------------+----------+-----
Fighting       | 4 |  4.5
Long Blades    | 3 4 |  4.5
Armour         | 4 |  4.5
Shields        | 4 |  4.5

Action                     |  1- 3 |  4- 6 || total
---------------------------+-------+-------++-------
  Melee: Long sword        |    45 |    38 ||    83
         Headbutt          |     5 |     8 ||    13
    Use: Potion            |       |     1 ||     1
 Armour: Scale mail        |    24 |    28 ||    52
  Dodge: Dodged            |    21 |    20 ||    41
  Block: Buckler           |    12 |    12 ||    24

Table legend: (Time is in decaauts)
 A = Elapsed time spent in this place.
 B = Non-inter-level travel time spent in this place.
 C = Inter-level travel time spent in this place.
 D = Time resting spent in this place.
 E = Time spent auto-exploring this place.
 F = Levels seen in this place.
 G = Mean time per level.
                   A        B        C        D        E       F      G
               +--------+--------+--------+--------+--------+-----+--------+
         Total |   1567 |   1543 |     24 |      0 |   1301 |   3 |  522.3 |
       Dungeon |   1567 |   1543 |     24 |      0 |   1301 |   3 |  522.3 |
               +--------+--------+--------+--------+--------+-----+--------+

Top non-repeatable levels by time:
     D:1: 889 daAuts
     D:2: 515 daAuts
     D:3: 161 daAuts
